 Dungeon Crawl Stone Soup version 0.28.0-47-ge53b351184 (webtiles) character file.

Game seed: 600450235034892117

122 bobregger the Ducker (level 5, 0/54 HPs)
             Began as an Ogre Berserker on May 3, 2022.
             Was a Follower of Trog.
             Shot with a stone by a goblin (1 damage)
             ... on level 2 of the Dungeon.
             The game lasted 00:02:11 (1814 turns).

bobregger the Ducker (Ogre Berserker)               Turns: 1814, Time: 00:02:13

Health: 0/54       AC:  3    Str: 21    XL:     5   Next: 6%
Magic:  5/5        EV: 11    Int:  8    God:    Trog [*.....]
Gold:   99         SH:  0    Dex: 10    Spells: 4/4 levels left

rFire   . . .      SeeInvis .   a - +0 mace
rCold   . . .      Faith    .   (no shield)
rNeg    . . .      Spirit   .   b - +0 animal skin
rPois   .          Reflect  .   (helmet restricted)
rElec   .          Harm     .   (no cloak)
rCorr   .          Rampage  .   (gloves unavailable)
Will    .....                   (boots unavailable)
Stlth   +.........              (no amulet)
HPRegen 0.18/turn               (no ring)
MPRegen 0.09/turn               (no ring)

@: mighty, on berserk cooldown, slowed, very slow
A: large, unfitting armour, tough skin 1
a: Renounce Religion, Berserk


You were on level 2 of the Dungeon.
You worshipped Trog.
Trog was aware of your devotion.
You visited 1 branch of the dungeon, and saw 2 of its levels.

You collected 99 gold pieces.

Inventory:

Hand Weapons
 a - a +0 mace (weapon)
Armour
 b - a +0 animal skin (worn)
Scrolls
 e - a scroll of identify {unknown}
 g - 3 scrolls of magic mapping {unknown}
 h - a scroll of fear {unknown}
Potions
 c - a potion of might
 d - a potion of heal wounds {unknown}
 f - a potion of mutation {unknown}
 i - a potion of flight {unknown}


   Skills:
 - Level 4.0 Fighting
 - Level 2.6 Maces & Flails
 + Level 5.1 Dodging


You had 4 spell levels left.
You didn't know any spells.
Your spell library was empty.

Dungeon Overview and Level Annotations

Branches:
Dungeon (2/15)

Altars:

Shops:
D:1 ?[=*(


Innate Abilities, Weirdness & Mutations

You are too large for most types of armour.
You have tough skin. (AC +1)


Message History

* * * LOW HITPOINT WARNING * * *
The goblin hits you with a +0 mace.
* * * LOW HITPOINT WARNING * * *
The goblin closely misses you. The goblin hits you with a +0 mace.
* * * LOW HITPOINT WARNING * * *
Things that are here:
a +0 club; a +0 leather armour of poison resistance; the goblin corpse of Ijyb You barely miss the goblin.
The goblin barely misses you.
The goblin closely misses you. x2; The goblin misses you.
You closely miss the goblin. The goblin closely misses you.
The goblin barely misses you. The goblin completely misses you.
The goblin hits you with a +0 mace.
* * * LOW HITPOINT WARNING * * *
Okay, then.
Things that are here:
a +0 club; a goblin corpse The goblin barely misses you.
You closely miss the goblin. The goblin hits you with a +0 dagger.
* * * LOW HITPOINT WARNING * * *
You hit the goblin but do no damage. The goblin closely misses you.
The goblin completely misses you.
You hit the goblin.
The goblin is moderately wounded.
The goblin closely misses you. The goblin hits you with a +0 dagger.
* * * LOW HITPOINT WARNING * * *
You hit the goblin but do no damage.
The goblin is moderately wounded.
The goblin closely misses you. x2
It was a potion of might.
You feel very mighty all of a sudden. The goblin hits you with a +0 dagger.
* * * LOW HITPOINT WARNING * * *
You sock the goblin!
You kill the goblin!
Trog accepts your kill.
The goblin unwields a +0 mace.
The goblin wields a +0 hunting sling.
The goblin shoots a stone.
The stone hits you.
* * * LOW HITPOINT WARNING * * *
The goblin shoots a stone.
The stone hits you.
You die...

..............#
..............# .
###...........# #.
#....#.#....#
##.#...####......#
..............)..#
.###.##....##.)###
.#..#.#....##g.)##
...#...#...###.#@#
.#...#)...# #.##.#
....#...#.# #..##.#
..._....#.# ##...#.#
.#..#..#..#######.##.#
.##.....#.).).....# ##
.......#..#########
.....|.#..#
..#...###.#


You could see a goblin.

Vanquished Creatures
  Ijyb (D:2)
  Natasha (D:2)
  A gnoll (D:1)
  3 adders
  A worm (D:1)
  A dart slug (D:1)
  4 bats
  3 giant cockroaches
  10 goblins
  A hobgoblin (D:2)
  4 kobolds
  A quokka (D:1)
  3 rats (D:1)
34 creatures vanquished.

Notes
Turn   | Place    | Note
-------+----------+-------------------------------------------
     0 | D:1      | bobregger the Ogre Berserker began the quest for the Orb.
     0 | D:1      | Reached XP level 1. HP: 24/24 MP: 1/1
     9 | D:1      | Found Qyupp's Magic Scroll Shop.
   139 | D:1      | Found Suelaolu's Jewellery Shop.
   198 | D:1      | Reached skill level 3 in Dodging
   307 | D:1      | Found Neghez's Assorted Antiques.
   312 | D:1      | Reached XP level 2. HP: 19/32 MP: 2/2
   774 | D:1      | Found Plog's Armour Shoppe.
   976 | D:1      | Found Weawk's Antique Weapon Emporium.
  1090 | D:1      | Reached XP level 3. HP: 39/39 MP: 3/3
  1185 | D:1      | Reached skill level 4 in Dodging
  1312 | D:2      | Found a faded altar of an unknown god.
  1333 | D:2      | Noticed Natasha
  1341 | D:2      | Killed Natasha
  1342 | D:2      | Reached XP level 4. HP: 45/48 MP: 4/4
  1772 | D:2      | Noticed Ijyb
  1799 | D:2      | Killed Ijyb
  1800 | D:2      | Reached skill level 5 in Dodging
  1800 | D:2      | Reached XP level 5. HP: 24/54 MP: 5/5
  1814 | D:2      | HP: 1/54 [goblin/stone (3)]
  1814 | D:2      | Shot with a stone by a goblin

Illustrated notes

Levels and vault maps discovered:
D:1:      lemuel_arrival_cross, layout_loops_ring, serial_shops,
          nicolae_shop_trees, shop, shop_coins, shop,
          nicolae_shop_advertising_works [nicolae_subvault_shop_adworks]
D:2:      kennysheep_the_goblin_king, layout_rooms, basic_altar,
          hellmonk_ecumenical_altar_blasted, uniq_jessica, uniq_natasha

Skill      XL: |  1  2  3  4 |
---------------+-------------+-----
Dodging        | 3 4 5 |  5.1
Fighting       | |  4.0
Maces & Flails | |  2.6

Action                   |  1- 3 |  4- 6 || total
-------------------------+-------+-------++-------
Melee: Mace              |    76 |    49 ||   125
       Punch             |     1 |       ||     1
Invok: Berserk           |     2 |     2 ||     4
  Use: Potion            |       |     1 ||     1
Armor: Animal skin       |    28 |    18 ||    46
Dodge: Dodged            |    53 |    76 ||   129
